 Dungeon Crawl Stone Soup version 0.30.1-4-g462c640d31 (webtiles) character file.

Game seed: 2409841020422421661

49 Wiggles the Chopper (level 3, 0/34 HPs)
             Began as a Minotaur Berserker on Aug 24, 2023.
             Was a Believer of Trog.
             Blown up by Ijyb (20 damage)
             ... with a mindburst bolt
             ... on level 3 of the Dungeon.
             The game lasted 00:02:20 (1626 turns).

Wiggles the Chopper (Minotaur Berserker)            Turns: 1626, Time: 00:02:21

Health: 0/34       AC:  6    Str: 23    XL:     3   Next: 51%
Magic:  2/2        EV: 10    Int:  4    God:    Trog [**....]
Gold:   149        SH:  0    Dex:  9    Spells: 2/2 levels left

rFire   . . .        a - +0 hand axe
rCold   . . .        (no shield)
rNeg    . . .        d - +0 scale mail
rPois   .            (helmet restricted)
rElec   .            (no cloak)
rCorr   .            (no gloves)
SInv    .            (no boots)
Will    .....        (no amulet) Stlth
                     (no ring)
HPRegen 0.25/turn    (no ring)
MPRegen 0.08/turn

%: no passive effects
@: no status effects
A: horns 2, retaliatory headbutt
a: Renounce Religion, Berserk, Trog's Hand


You were on level 3 of the Dungeon.
You worshipped Trog.
Trog was pleased with you.
You visited 1 branch of the dungeon, and saw 3 of its levels.

You collected 149 gold pieces.

Inventory:

Hand Weapons
 a - a +0 hand axe (weapon)
Armour
 d - a +0 scale mail (worn)
Scrolls
 b - a scroll of magic mapping {unknown}
 c - a scroll of fog {unknown}
 e - a scroll of identify {unknown}
 f - a scroll of vulnerability {unknown}
 h - a scroll of poison {unknown}
 j - a scroll of blinking {unknown}
 k - a scroll of amnesia {unknown}
 m - a scroll of enchant weapon {unknown}
Potions
 g - a potion of degeneration {unknown}
 i - a potion of cancellation {unknown}
 l - 2 potions of mutation {unknown}


   Skills:
 + Level 4.4 Fighting
 + Level 4.5 Axes
 + Level 2.8 Armour
 + Level 2.4 Dodging


You had 2 spell levels left.
You didn't know any spells.
Your spell library was empty.

Dungeon Overview and Level Annotations

Branches:
Dungeon (3/15)

Altars:
Xom

Annotations:
D:3 Ijyb


Innate Abilities, Weirdness & Mutations

You have a pair of horns on your head.
You reflexively headbutt those who attack you in melee.


Message History

No target in view!
m - a scroll labelled JYN BIB COPPEKH
Found a stone staircase leading down.
There is a stone staircase leading down here.
You now have 134 gold pieces (gained 11).
There is a stone staircase leading up here.
You see here a +0 hand axe.
Found a stone staircase leading down.
Found an escape hatch in the ceiling.
A rat comes into view.
A rat is nearby!
You see here 15 gold pieces.
You slash the rat!
You kill the rat!
Trog accepts your kill.
No target in view!
No target in view!
No target in view!
You now have 149 gold pieces (gained 15).
Done exploring.
Done exploring.
There is a stone staircase leading down here.
You climb downwards.
There is a stone staircase leading up here.
Found 3 poisoned darts.
As you open the door, it creaks loudly!
Found a stone staircase leading down.
There is an open door here.
A rat comes into view.
You closely miss the rat. The rat bites you but does no damage.
You slash the rat!
You kill the rat!
Trog accepts your kill.
No target in view!
Ijyb the Twisted Goblin comes into view.
She is wielding a +0 dagger and carrying a wand of mindburst (6).
Ijyb shouts!
Ijyb zaps a wand.
Your mind is blasted!
Ijyb zaps a wand.
Your mind is blasted!
Ouch! That really hurt!
You die...

### # ##+# #.. .#
##...## #.# ..
####.....###.####.#
..........##.#.@g.#
#........>#.#....#
+.........+..#.......
#.........#.###...###
#........#.## #...#
#.#.....###.# ##.#
#.##...## #.# .#
.###'## #.# # ..##.#
##


You could see Ijyb.

Vanquished Creatures
  5 endoplasms (D:1)
  2 giant cockroaches (D:1)
  4 goblins
  6 hobgoblins
  2 jackals (D:2)
  6 kobolds
  2 quokkas (D:1)
  3 ball pythons
  4 bats (D:1)
  3 frilled lizards
  9 rats
46 creatures vanquished.

Notes
Turn   | Place    | Note
-------+----------+-------------------------------------------
     0 | D:1      | Wiggles the Minotaur Berserker began the quest for the Orb.
     0 | D:1      | Reached XP level 1. HP: 19/19 MP: 0/0
    81 | D:1      | Reached XP level 2. HP: 26/27 MP: 1/1
   529 | D:1      | Reached ** piety under Trog
   537 | D:1      | Reached XP level 3. HP: 33/33 MP: 2/2
  1419 | D:2      | Found a shimmering altar of Xom.
  1622 | D:3      | Noticed Ijyb
  1626 | D:3      | Blown up by Ijyb

Illustrated notes

Levels and vault maps discovered:
D:1:      lightli_arrival_statue_moat, layout_basic, serial_curves,
          eino_curves_04, eino_curves_03, minmay_pentomino_x4
D:2:      layout_basic, basic_altar
D:3:      layout_loops_corners, nicolae_tso_carved_into_rock, serial_shops,
          nicolae_shop_hallway_stairs, grunt_ministairs_7, uniq_ijyb

Skill      XL: |  1  2 |
---------------+-------+-----
Fighting       | 4 |  4.4
Axes           | 4 |  4.5
Armour         | |  2.8
Dodging        | |  2.4

Action                     || total
---------------------------++-------
  Melee: Hand axe          ||    81
         Headbutt          ||    14
 Armour: Animal skin       ||    11
         Scale mail        ||    21
  Dodge: Dodged            ||    55
